 Dungeon Crawl Stone Soup version 0.28.0-43-g3370ac3207 (webtiles) character file.

Game seed: 12728791866736965315

3047 safid the Severer (level 9, -10/74 HPs)
             Began as a Hill Orc Fighter on Mar 16, 2022.
             Was a Believer of Beogh.
             Shot with a sling bullet by Joseph (13 damage)
             ... on level 7 of the Dungeon.
             The game lasted 00:13:58 (7625 turns).

safid the Severer (Hill Orc Fighter)                Turns: 7625, Time: 00:13:59

Health: -10/74     AC: 11    Str: 29    XL:     9   Next: 87%
Magic:  9/9        EV:  9    Int:  8    God:    Beogh [**....]
Gold:   390        SH:  4    Dex: 10    Spells: 8/8 levels left

rFire   . . .      SeeInvis .   a - +0 war axe
rCold   . . .      Faith    .   c - +0 buckler
rNeg    . . .      Spirit   .   b - +0 scale mail
rPois   .          Reflect  .   k - +0 helmet
rElec   .          Harm     .   F - +0 cloak
rCorr   .          Rampage  .   (no gloves)
Will    .....                   G - +0 pair of boots
Stlth   ..........              (no amulet)
HPRegen 0.22/turn               p - +4 ring of slaying
MPRegen 0.11/turn               q - +6 ring of strength

@: no status effects
A: no striking features
a: Renounce Religion, Smiting


You were on level 7 of the Dungeon.
You worshipped Beogh.
Beogh was pleased with you.
You visited 1 branch of the dungeon, and saw 7 of its levels.
You also visited: Ossuary.

You collected 390 gold pieces.

Inventory:

Hand Weapons
 a - a +0 war axe (weapon)
Missiles
 D - 4 poisoned darts (quivered)
Armour
 b - a +0 scale mail (worn)
 c - a +0 buckler (worn)
 k - a +0 helmet (worn)
 F - a +0 cloak (worn)
 G - a +0 pair of boots (worn)
Jewellery
 n - a ring of protection from cold
 p - a +4 ring of slaying (left hand)
 q - a +6 ring of strength (right hand)
Wands
 z - a wand of iceblast (5)
 A - a wand of flame (14)
Scrolls
 e - a scroll of fear {unknown}
 f - a scroll of torment {unknown}
 g - a scroll of magic mapping {unknown}
 i - a scroll of immolation {unknown}
 j - a scroll of holy word {unknown}
 m - 3 scrolls of enchant weapon
 o - 3 scrolls of vulnerability
 r - a scroll of brand weapon {unknown}
 s - a scroll of teleportation {unknown}
 x - 2 scrolls of amnesia
 y - a scroll of acquirement {unknown}
 B - 2 scrolls of enchant armour
 E - a scroll of noise {unknown}
Potions
 d - 3 potions of might
 h - 2 potions of curing {unknown}
 l - 3 potions of mutation {unknown}
 t - 2 potions of degeneration {unknown}
 u - a potion of brilliance {unknown}
 v - a potion of lignification {unknown}
 w - 2 potions of resistance {unknown}
 C - 2 potions of berserk rage {unknown}


   Skills:
 + Level 5.1 Fighting
 - Level 16.0 Axes
 + Level 5.0 Armour
 - Level 4.0 Shields


You had 8 spell levels left.
You didn't know any spells.
Your spell library contained the following spells:

 Spells                   Type           Power      Damage    Failure   Level
 Animate Skeleton         Necr           0%         N/A       75%         1
 Apportation              Tloc           0%         N/A       75%         1
 Summon Small Mammal      Summ           0%         N/A       75%         1
 Blink                    Tloc           0%         N/A       87%         2
 Manifold Assault         Tloc           0%         N/A       100%        5
 Storm Form               Tmut/Air       0%         N/A       100%        7


Dungeon Overview and Level Annotations

Branches:
Dungeon (7/15)             Temple (0/1) D:5         Ossuary (visited)

Altars:
Ashenzari
Dithmenos
Yredelemnul
The Shining One

Shops:
D:5 (

Annotations:
D:6 1 runed translucent door, Crazy Yiuf
D:7 Joseph


Message History

Level annotation: Joseph Welcome back, safid the Hill Orc Fighter.
Beogh says: Drown the unbelievers in a sea of blood!
Press ? for a list of commands and other information.
Throw: 5 darts (poison)
Press: ? - help, Q - select action, (/) - cycle Shift-Dir - straight line, f - Joseph
Aim: Joseph, wielding a +0 hunting sling, wearing a +0 ring mail and quivering sling bullets (66% to hit)
You throw a poisoned dart. The poisoned dart hits Joseph.
Joseph shoots a sling bullet.
The sling bullet closely misses you.
Joseph sighs, "Being a guard is usually so boring..."
Joseph shoots a sling bullet.
The sling bullet hits you!
Joseph unwields a +0 hunting sling.
Joseph wields a +1 spectral quarterstaff.
Joseph hits you with a +1 spectral quarterstaff!
Unknown command.
You barely miss Joseph.
Joseph hits you with a +1 spectral quarterstaff!
* * * LOW HITPOINT WARNING * * *
Unknown command.
You slash Joseph!
Joseph is lightly wounded.
Joseph hits you but does no damage.
Unknown command.
You slice Joseph!!
Joseph is heavily wounded.
Joseph barely misses you.
Unknown command.
You barely miss Joseph.
Joseph is heavily wounded.
Unknown command.
You slice Joseph!!
Joseph is severely wounded.
Joseph hits you with a +1 spectral quarterstaff!
* * * LOW HITPOINT WARNING * * *
Unknown command.
Okay, then.
Joseph unwields a +1 spectral quarterstaff.
Joseph wields a +0 hunting sling.
Joseph shoots a sling bullet.
The sling bullet hits you!
You die...

#......#.#...#
#......#.######.
#........... #######
#..##.......
........#######..........#
.$............#.###......#
........#...#.#.#######.##
........#.<.#........# .#
........#.@..........# .
........#...#........#
.#.....o@.).?........#
$......D#...#........#
###.....#...#........#
##....#...#........#
#....#...#........#
#....#...#........#
.....#...#.(......


You could see Joseph, a steam dragon and an orc wizard.

Vanquished Creatures
  A steam dragon (D:6)
  Menkaure (D:6)
  A water moccasin (D:7)
  A black bear (D:3)
  A necrophage (D:6)
  4 ogres (D:5)
  A phantom (D:5)
  A centaur (D:7)
  Blork the orc (D:6)
  A bullfrog (D:7)
  5 elf zombies
  2 scorpions
  An elf skeleton (D:4)
  A water moccasin skeleton (D:7)
  A bullfrog zombie (D:5)
  2 hounds
  A centaur zombie (D:7)
  5 human zombies
  3 orc priests
  A bullfrog skeleton (D:5)
  A gnoll shaman (D:7)
  3 jellies
  4 centaur skeletons
  A human skeleton (D:4)
  Natasha (thrice) (D:4)
  2 orc wizards (D:5)
  8 iguanas
  A killer bee zombie (D:7)
  A hound zombie (Ossuary)
  3 mummies (Ossuary)
  A howler monkey zombie (D:7)
  3 gnolls (D:7)
  4 adders
  2 shadow imps
  3 white imps
  An ufetubus (D:5)
  2 adder zombies (Ossuary)
  An adder skeleton (D:3)
  5 worms
  4 dart slugs
  20 orcs
  10 ball pythons
  6 bats
  10 endoplasms
  5 giant cockroaches (D:1)
  2 gnoll zombies (Ossuary)
  3 goblins
  8 hobgoblins
  5 jackals (D:2)
  2 quokkas
  6 frilled lizards
  5 goblin zombies (Ossuary)
  A hobgoblin zombie (Ossuary)
  5 jackal zombies (Ossuary)
  3 kobolds
  4 kobold zombies (Ossuary)
  2 orc skeletons (D:4)
  An orc zombie (Ossuary)
  5 quokka zombies (Ossuary)
  4 rats
  2 rat zombies (Ossuary)
197 creatures vanquished.

Vanquished Creatures (others)
  5 plants
5 creatures vanquished.

Grand Total: 202 creatures vanquished

Notes
Turn   | Place    | Note
-------+----------+-------------------------------------------
     0 | D:1      | safid the Hill Orc Fighter began the quest for the Orb.
     0 | D:1      | Reached XP level 1. HP: 19/19 MP: 1/1
   310 | D:1      | Reached skill level 3 in Axes
   310 | D:1      | Reached XP level 2. HP: 27/27 MP: 2/2
   579 | D:1      | Reached XP level 3. HP: 27/33 MP: 3/3
  1743 | D:2      | Found a faded altar of an unknown god.
  1779 | D:2      | Reached XP level 4. HP: 39/40 MP: 4/4
  2259 | D:3      | Reached skill level 4 in Axes
  2510 | D:3      | Found a broken altar of Ashenzari.
  3075 | D:3      | Noticed a black bear
  3093 | D:3      | Killed a black bear
  3094 | D:3      | Reached skill level 6 in Axes
  3094 | D:3      | Reached XP level 5. HP: 13/46 MP: 5/5
  3482 | D:4      | Reached XP level 6. HP: 31/52 MP: 6/6
  3564 | D:4      | Reached skill level 7 in Axes
  3694 | D:4      | Reached skill level 8 in Axes
  3734 | D:4      | Reached XP level 7. HP: 10/59 MP: 7/7
  3788 | D:4      | Reached skill level 9 in Axes
  3808 | D:4      | Found a sand-covered staircase.
  3972 | Ossuary  | Entered an ossuary
  4103 | Ossuary  | Reached skill level 10 in Axes
  4355 | Ossuary  | Reached XP level 8. HP: 66/66 MP: 8/8
  4414 | Ossuary  | Reached skill level 11 in Axes
  4856 | D:4      | Became a worshipper of Beogh the Brigand
  4927 | D:4      | Noticed Natasha
  4935 | D:4      | Killed Natasha
  5014 | D:4      | Noticed Natasha
  5020 | D:4      | Killed Natasha
  5136 | D:5      | Entered Level 5 of the Dungeon
  5158 | D:5      | Reached skill level 12 in Axes
  5167 | D:5      | Found Waeruva's Hydra Hut.
  5281 | D:4      | Noticed Natasha
  5289 | D:4      | Killed Natasha
  5489 | D:5      | Noticed a seven-headed hydra
  5596 | D:5      | Reached skill level 13 in Axes
  6041 | D:5      | Reached * piety under Beogh
  6081 | D:5      | Found a staircase to the Ecumenical Temple.
  6148 | D:5      | Reached skill level 14 in Axes
  6148 | D:5      | Reached XP level 9. HP: 68/71 MP: 9/9
  6165 | D:5      | Found a basalt altar of Yredelemnul.
  6565 | D:6      | Found a runed translucent door.
  6566 | D:6      | Noticed Crazy Yiuf
  6580 | D:6      | Noticed Menkaure
  6593 | D:6      | Killed Menkaure
  6613 | D:6      | Found a glowing golden altar of the Shining One.
  6651 | D:6      | Reached skill level 15 in Axes
  6816 | D:6      | Noticed Blork the orc
  6821 | D:6      | Killed Blork the orc
  7026 | D:6      | Found a shadowy altar of Dithmenos.
  7232 | D:7      | Reached skill level 16 in Axes
  7586 | D:7      | Reached ** piety under Beogh
  7604 | D:7      | Noticed Joseph
  7617 | D:7      | Reached skill level 5 in Fighting
  7617 | D:7      | Reached skill level 5 in Armour
  7624 | D:7      | HP: 3/74 [Joseph/+1 spectral quarterstaff (14)]
  7625 | D:7      | Shot with a sling bullet by Joseph

Illustrated notes

Levels and vault maps discovered:
D:1:      denvon_arrival_planthouse, layout_basic, minmay_close_crescents
D:2:      layout_loops_ring, basic_ecumenical_altar, minmay_misc_feat_encased,
          bh_walls_and_bars
D:3:      kb_forest_paths, layout_basic, marbit_many_paths,
          kennysheep_generic_room_4
D:4:      layout_loops_ring, nicolae_ossuary_entry_catacombs,
          serial_bayou_crossing, uniq_natasha
D:5:      minmay_spotlight, layout_gridville, kennysheep_mini, temple_fountains,
          doesnt_shop_hydraphobe
D:6:      layout_rooms, old_standard_altar, lemuel_round_altar, uniq_menkaure,
          uniq_crazy_yiuf_cottage, uniq_blork_the_orc
D:7:      layout_basic, fedhas_altar_1, minmay_bent, uniq_joseph

Skill      XL: |  1  2  3  4  5  6  7  8  9 |
---------------+----------------------------+-----
Axes           | 3 6 8 10 14 16 | 16.0
Fighting       | 4 5 |  5.1
Shields        | 4 |  4.0
Armour         | 4 5 |  5.0

Action                   |  1- 3 |  4- 6 |  7- 9 || total
-------------------------+-------+-------+-------++-------
Melee: War axe           |    84 |   136 |   346 ||   566
Throw: Dart              |       |       |     2 ||     2
Invok: Convert to Beogh  |       |       |     1 ||     1
  Use: Scroll            |       |       |     4 ||     4
Armor: Scale mail        |    37 |    66 |    98 ||   201
Dodge: Dodged            |    36 |    52 |    92 ||   180
Block: Buckler           |    19 |    34 |    48 ||   101
